AoeStats
← ivcrk826

Pilgrims

509314798Analyzed
3v3 RM · 5d ago on Sep 26, 2026· 15m 37s· 6 players
Game mode
Random Map
Map size
Normal (6 player)
Population
200
Speed
Normal
Resources
Standard
Victory
Conquest
Starting age
Dark Age
Ending age
Imperial Age
RankedLock teamsTeams togetherTeam positionsShared explorationLock speedFull tech treeHidden civsTurbo modeCheats
Victory
Defeat
🇻🇳 Turks · Vietnam
1501
+13
🇷🇺 Varangians · Russia
1480
+14
🇧🇷 Dravidians · Brazil
1470
+14
🇦🇺 Koreans · Australia
1474
-15
🇻🇳 Dravidians · Vietnam
1414
-13
🇦🇷 Persians · Argentina
1412
-13
Phenytoin
9:05 Loom
10:51 Feudal Age
ivcrk826
5:09 Loom
10:45 Feudal Age
11:17 Double-Bit Axe
16:01 Castle Age
14:56 Fishing Lines
minhkhaidz204
10:45 Feudal Age
10:04 Loom
AeroSpeed
8:29 Loom
13:07 Feudal Age
14:06 Town Watch
14:32 Fishing Lines
17:41 Castle Age
15:54 Double-Bit Axe
DEXXTER
6:20 Loom
8:53 Feudal Age
13:59 Castle Age
12:45 Double-Bit Axe
13:30 Horse Collar
15:43 Gold Mining
GELO163Rus
4:59 Loom
11:02 Feudal Age
11:56 Double-Bit Axe
15:25 Bloodlines
Connection lost

Rejoining the realm…

Still unreachable

The connection could not be restored.

Session expired

The server has moved on; the page needs a fresh start.